 Dungeon Crawl Stone Soup version 0.13-a0-2305-ge00d11d (webtiles) character file.

5457 Kae the Impaler (level 10, -7/76 HPs)
             Began as a Merfolk Fighter on July 9, 2013.
             Was a Follower of Okawaru.
             Mangled by an unseen horror (10 damage)
             ... on Level 10 of the Dungeon.
             The game lasted 00:22:04 (10598 turns).

Kae the Impaler (Merfolk Fighter)                  Turns: 10598, Time: 00:22:04

HP  -7/76        AC  2     Str 22      XL: 10   Next: 50%
MP   9/9         EV 14     Int  8      God: Okawaru [*.....]
Gold 574         SH 19     Dex 17      Spells:  0 memorised,  9 levels left

Res.Fire  : . . .   See Invis. : .   a - +1,+0 trident
Res.Cold  : + . .   Warding    : .   S - -4 leather armour "Chirr" {rC+ Str+3 Dam+6 Life Prot.: . . . Conserve : . c - -1 shield
Res.Poison: .       Res.Corr.  : .   O - +1 wizard hat (curse)
Res.Elec. : .       Clarity    : .   E - +0 cloak
Sust.Abil.: . .     Spirit.Shd : .   m - +0 pair of gloves
Res.Mut.  : .       Stasis     : +   (no boots)
Res.Rott. : .       Flight     : .   C - amulet of stasis
Saprovore : . . .                    B - ring of protection from magic {unknown}
                                     o - +3 ring of dexterity

@: quite resistant to hostile enchantments, unstealthy
A: change form in water, swift swim
a: Heroism, Renounce Religion


You were on level 10 of the Dungeon.
You worshipped Okawaru.
Okawaru was most pleased with you.
You were hungry.

You visited 2 branches of the dungeon, and saw 11 of its levels.

You collected 554 gold pieces.

Inventory:

Hand weapons
 a - a +1,+0 trident (weapon)
 H - a -1,-1 orcish flail
 I - a +0,+0 spear (quivered)
Armour
 c - a -1 shield (worn)
 m - a +0 pair of gloves (worn)
 n - a +1 ring mail of poison resistance
 E - a +0 cloak (worn)
 O - a cursed +1 wizard hat (worn)
 S - the -4 leather armour "Chirr" (worn) {rC+ Str+3 Dam+6 Curse}
   (You found it on level 8 of the Dungeon)

   It affects your strength (+3).
   It affects your damage-dealing abilities (+6).
   It protects you from cold.
   It may recurse itself.
Magical devices
 t - a wand of flame (19)
 y - a wand of draining (2)
 D - a wand of slowing (8)
 M - a wand of invisibility (3)
 N - a wand of flame (7)
 U - a wand of magic darts (10)
Comestibles
 j - 4 meat rations
 k - 3 pears
 p - an apple
 s - 2 chunks of hobgoblin flesh
 v - 4 rotting chunks of troll flesh
 z - a lemon
 T - 2 bread rations
Scrolls
 f - 14 scrolls of remove curse
 g - a scroll of identify
 l - 4 scrolls of teleportation
 q - a scroll of enchant armour {unknown}
Jewellery
 b - an uncursed ring of poison resistance
 e - an uncursed ring of fire
 i - a +3 ring of protection
 o - a +3 ring of dexterity (left hand)
 B - a ring of protection from magic (right hand) {unknown}
 C - an amulet of stasis (around neck)
 G - an uncursed amulet of the gourmand
 W - an uncursed ring of positive energy
Potions
 d - a potion of curing
 h - 2 potions of brilliance
 x - a potion of cure mutation {unknown}
 A - 2 potions of restore abilities
 J - 2 potions of paralysis {unknown}
 Q - a potion of flight {unknown}
 R - a potion of resistance
Books
 w - a Necronomicon {highlevel}

   This book is beyond your current level of understanding.

   Spells                             Type                      Level
   Borgnjor's Revivification          Necromancy                   7
   Haunt                              Necromancy/Summoning         7
   Death's Door                       Charms/Necromancy            8
   Necromutation                      Transmutation/Necromancy     8
 L - a book of Death

   Spells                             Type                      Level
   Corpse Rot                         Necromancy                   2
   Sublimation of Blood               Necromancy                   2
   Agony                              Necromancy                   5
   Dispel Undead                      Necromancy                   5
   Excruciating Wounds                Charms/Necromancy            5
   Bolt of Draining                   Conjuration/Necromancy       6
 V - a book of War Chants

   Spells                             Type                      Level
   Fire Brand                         Charms/Fire                  2
   Freezing Aura                      Charms/Ice                   2
   Shroud of Golubria                 Charms/Translocation         2
   Repel Missiles                     Charms/Air                   2
   Poison Weapon                      Charms/Poison                3
   Regeneration                       Charms/Necromancy            3
 X - a book of Transfigurations

   Spells                             Type                      Level
   Stoneskin                          Transmutation/Earth          2
   Polymorph                          Hexes/Transmutation          4
   Ice Form                           Ice/Transmutation            4
   Statue Form                        Transmutation/Earth          6
   Dragon Form                        Transmutation                7


   Skills:
 + Level 7.1 Fighting
 + Level 16.8 Polearms
 - Level 2.1 Armour
 + Level 7.7 Dodging
 - Level 3.0 Shields


You had 9 spell levels left.
You didn't know any spells.

Dungeon Overview and Level Annotations

Branches:
Dungeon (10/27)            Temple (1/1) D:7             Orc (0/4) D:6
   Lair: D:8-13

Altars:
Ashenzari
Elyvilon
Fedhas
Kikubaaqudgha
Makhleb
Nemelex Xobeh
Okawaru
Sif Muna
Xom
Yredelemnul
Zin
the Shining One

Shops:
D:4: * D:7: %

Annotations
D:2 Sigmund


Message History

Drink which item? (? for menu, Esc to quit)
You feel much better. You block its attack. It hits you!
* * * LOW HITPOINT WARNING * * *
Read which item? (? for menu, Esc to quit)
You cannot teleport right now.
Drink which item? (? for menu, Esc to quit)
You feel better. You block its attack. It hits you!
* * * LOW HITPOINT WARNING * * *
It hits you.
* * * LOW HITPOINT WARNING * * *
You puncture it! It hits you!
* * * LOW HITPOINT WARNING * * *
It hits you.
* * * LOW HITPOINT WARNING * * *
It hits you but does no damage. It hits you.
* * * LOW HITPOINT WARNING * * *
It hits you!
You die...

######............####
#.##########.#######
#.# #.......# #.#
#######.# #.# #.# #.#
########### #.# .
#.........# #.#
#.#######.# #.#######
#.#.@...#.# #.......#
#.#.###.#.# #######.#
#.#.# #.#.# #.# #.#.#
#.#.# #.# #.#.# #.#.#
#.# #.#.###.#.# ####.#
#.#.....#.# #....#
#.####..#.# #.####
#.#.....#.# #.#


There were no monsters in sight!

Vanquished Creatures
  Pikel (D:5)
  A hill giant (D:10)
  A troll (D:10)
  A hungry ghost (D:6)
  A hill giant zombie (D:6)
  Eustachio (D:6)
  A manticore (D:6)
  2 orc warriors
  3 slaves (D:6)
  A black bear (D:8)
  4 ogres
  2 phantoms
  2 ice beasts
  A big kobold (D:9)
  A centaur (D:5)
  4 giant frogs
  2 troll zombies (D:6)
  A killer bee (D:9)
  A hippogriff skeleton (D:8)
  8 crimson imps
  2 goliath beetles (D:7)
  4 scorpions
  Crazy Yiuf (D:5)
  An orc priest (D:6)
  A hound (D:10)
  A deep elf soldier (D:10)
  4 iguanas
  6 orc wizards
  3 jellies
  9 worker ants
  Ijyb (D:6)
  2 ogre zombies (D:6)
  A big kobold skeleton (D:10)
  A hound skeleton (D:8)
  11 gnolls
  5 adders
  2 giant mites
  4 worms
  An adder zombie (D:7)
  A giant eyeball (D:6)
  4 giant geckos
  3 oozes
  32 orcs
  A ball python (D:1)
  6 giant cockroaches
  A giant mite zombie (D:6)
  15 goblins
  24 hobgoblins
  20 jackals
  9 quokkas
  5 bats
  4 giant newts
  A giant spore (D:10)
  A goblin skeleton (D:4)
  2 goblin zombies (D:6)
  22 kobolds
  2 kobold zombies (D:6)
  2 orc skeletons (D:6)
  8 orc zombies (D:6)
  A quokka zombie (D:6)
  15 rats
  A rat skeleton (D:4)
  A ballistomycete (D:10)
280 creatures vanquished.

Vanquished Creatures (others)
  A hungry ghost (D:6)
  A slave (D:6)
  A hound (D:6)
  An ogre zombie (D:6)
  A giant eyeball (D:6)
  An orc (D:6)
  2 goblin zombies (D:6)
  4 orc zombies (D:6)
12 creatures vanquished.

Grand Total: 292 creatures vanquished

Notes
Turn   | Place    | Note
--------------------------------------------------------------
     0 | D:1      | Kae, the Merfolk Fighter, began the quest for the Orb.
     0 | D:1      | Reached XP level 1. HP: 18/18 MP: 0/0
   129 | D:1      | Reached XP level 2. HP: 24/24 MP: 1/1
   147 | D:1      | Reached skill level 4 in Polearms
   538 | D:1      | Reached XP level 3. HP: 26/30 MP: 2/2
   554 | D:2      | Reached skill level 5 in Polearms
   732 | D:2      | Noticed Sigmund
  1021 | D:2      | Reached skill level 6 in Polearms
  1021 | D:2      | Reached XP level 4. HP: 31/36 MP: 3/3
  1351 | D:3      | Reached skill level 7 in Polearms
  1426 | D:3      | Reached XP level 5. HP: 42/42 MP: 4/4
  2273 | D:4      | Found Foxerag's General Store.
  2548 | D:4      | Reached skill level 8 in Polearms
  2830 | D:5      | Entered Level 5 of the Dungeon
  2845 | D:5      | Reached XP level 6. HP: 44/48 MP: 5/5
  2856 | D:5      | Reached skill level 9 in Polearms
  3109 | D:5      | Reached skill level 10 in Polearms
  3412 | D:5      | Noticed a phantom
  3447 | D:5      | Killed a phantom
  3447 | D:5      | Reached XP level 7. HP: 40/53 MP: 6/6
  3554 | D:5      | Noticed an ogre
  3578 | D:5      | Killed an ogre
  3578 | D:5      | Reached skill level 11 in Polearms
  3665 | D:5      | Noticed a centaur
  3675 | D:5      | Killed a centaur
  3876 | D:5      | Noticed Crazy Yiuf
  3890 | D:5      | Killed Crazy Yiuf
  3890 | D:5      | Reached skill level 12 in Polearms
  4072 | D:6      | Noticed Pikel
  4075 | D:6      | Paralysed by a giant eyeball for 3 turns
  4125 | D:5      | Killed Pikel
  4125 | D:5      | Reached skill level 13 in Polearms
  4125 | D:5      | Reached XP level 8. HP: 19/60 MP: 7/7
  4343 | D:6      | Reached skill level 14 in Polearms
  4802 | D:6      | Found a sparkling altar of Nemelex Xobeh.
  4807 | D:6      | Noticed Ijyb
  4824 | D:6      | Killed Ijyb
  5161 | D:6      | Reached skill level 15 in Polearms
  5161 | D:6      | Reached XP level 9. HP: 41/65 MP: 8/8
  5277 | D:6      | Killed a hungry ghost
  5304 | D:6      | Reached skill level 1 in Dodging
  5347 | D:6      | Paralysed by a giant eyeball for 3 turns
  5607 | D:6      | Noticed a hungry ghost
  5626 | D:6      | Killed a hungry ghost
  5731 | D:6      | Found a staircase to the Orcish Mines.
  6017 | D:6      | Noticed Eustachio
  6036 | D:6      | Killed Eustachio
  6240 | D:6      | Reached skill level 5 in Fighting
  7208 | D:7      | Reached skill level 5 in Dodging
  7243 | D:7      | Found a staircase to the Ecumenical Temple.
  7257 | Temple   | Entered the Ecumenical Temple
  7346 | Temple   | Became a worshipper of Warmaster Okawaru
  7420 | D:7      | Found Mivitasm's Food Shoppe.
  7579 | D:7      | Reached skill level 16 in Polearms
  7767 | D:7      | Found a burning altar of Makhleb.
  8089 | D:8      | Got a smoking leather armour
  8100 | D:8      | Identified the cursed -4 leather armour "Chirr" {rC+ Str+3 Dam+6 Curse} (You found it on level 8 of the Dungeon)
  8147 | D:8      | Reached XP level 10. HP: 61/75 MP: 9/9
  9777 | D:10     | Entered Level 10 of the Dungeon
 10233 | D:10     | Acquired Okawaru's first power
 10333 | D:10     | Noticed a hill giant
 10421 | D:10     | Killed a hill giant
 10591 | D:10     | HP: 1/76 [something (11)]
 10597 | D:10     | HP: 3/76 [something (3)]
 10598 | D:10     | Mangled by an unseen horror

Action                   |  1- 3 |  4- 6 |  7- 9 | 10-12 || total
-------------------------+-------+-------+-------+-------++-------
Melee: Trident           |   105 |   282 |   733 |   173 ||  1293
       Flail             |       |       |    13 |       ||    13
Throw: Spear             |       |       |     1 |       ||     1
Evoke: Wand              |       |     3 |       |     4 ||     7
  Use: Scroll            |     4 |     6 |       |    17 ||    27
       Potion            |       |     1 |     3 |     4 ||     8
 Stab: Distracted        |       |       |     1 |       ||     1
